 Seeded DCSS version 0.28.0-62-gf88900778d (webtiles) character file.

Game seed: 13591998346360536447 (custom seed)

5545 Psyclone the Eclecticist (level 10, 55/55 HPs)
             Began as a Deep Elf Conjurer on Oct 18, 2023.
             Was an Initiate of Gozag.
             Quit the game on level 11 of the Dungeon.
             The game lasted 00:09:33 (3343 turns).

Psyclone the Eclecticist (Deep Elf Conjurer)        Turns: 3343, Time: 00:09:34

Health: 55/55      AC: 17    Str:  8    XL:     10   Next: 43%
Magic:  33/33      EV: 12    Int: 52    God:    Gozag
Gold:   1104       SH:  5    Dex: 13    Spells: 32/43 levels left

rFire   + . .      SeeInvis .   a - +3 Elemental Staff {rElec rF++ rC++ AC+5}
rCold   + + .      Faith    .   (no shield)
rNeg    . . .      Spirit   .   m - +0 robe
rPois   +          Reflect  +   (no helmet)
rElec   +          Harm     .   e - +2 cloak of the Hidden Vale {rPois rF- Str+2 Int+8}
rCorr   .          Rampage  .   k - +0 pair of gloves
Will    +....                   (no boots)
Stlth   ++........              h - amulet of reflection
HPRegen 0.18/turn               q - ring of Dishonour {AC+4 Int+8}
MPRegen 0.23/turn               x - +6 ring of intelligence

@: no status effects
A: iridescent scales 1, clever 1, robust 1, strong 1, wild magic 1
a: Renounce Religion, Potion Petition, Call Merchant, Bribe Branch


You were on level 11 of the Dungeon.
You worshipped Gozag.
Gozag was most pleased with you.
You visited 1 branch of the dungeon, and saw 11 of its levels.

You collected 6853 gold pieces.
You spent 1357 gold pieces at shops.
You paid 4392 gold pieces to Gozag.

Inventory:

Hand Weapons
 a - the +3 Elemental Staff (weapon) {rElec rF++ rC++ AC+5}
   (You acquired it on level 9 of the Dungeon)

   If the wielder is skilled in Evocations, they can discharge powerful blasts
   of elemental energy when striking with it.
   It enhances your fire, ice, earth and air magic.
   AC:        It affects your AC (+5).
   rF:        It greatly protects you from fire.
   rC:        It greatly protects you from cold.
   rElec:     It insulates you from electricity.
 b - a +0 dagger
Armour
 e - the +2 cloak of the Hidden Vale (worn) {rPois rF- Str+2 Int+8}
   (You acquired it on level 4 of the Dungeon)

   Str:       It affects your strength (+2).
   Int:       It affects your intelligence (+8).
   rF:        It makes you vulnerable to fire.
   rPois:     It protects you from poison.
 k - a +0 pair of gloves (worn)
 m - a +0 robe (worn)
 r - a +1 pair of boots of rampaging
 s - a +2 robe of fire resistance
 t - the +0 pair of gloves of Lethargy {Harm rElec rCorr Str-3}
   (You bought it in a shop on level 11 of the Dungeon)

   Str:       It affects your strength (-3).
   rElec:     It insulates you from electricity.
   rCorr:     It protects you from acid and corrosion.
   Harm:      It increases damage dealt and taken.
Jewellery
 h - an amulet of reflection (around neck)
 q - the ring of Dishonour (left hand) {AC+4 Int+8}
   (You acquired it on level 11 of the Dungeon)

   [ring of protection]

   AC:        It affects your AC (+4).
   Int:       It affects your intelligence (+8).
 w - the ring "Gaipn" {rElec Str+7 Int-4 Dex+4 Slay+4}
   (You bought it in a shop on level 11 of the Dungeon)

   [ring of slaying]

   Str:       It affects your strength (+7).
   Int:       It affects your intelligence (-4).
   Dex:       It affects your dexterity (+4).
   Slay:      It affects your accuracy & damage with ranged weapons and melee
   (+4).
   rElec:     It insulates you from electricity.
 x - a +6 ring of intelligence (right hand)
Wands
 c - a wand of mindburst (17)
 g - a wand of flame (30)
 j - a wand of iceblast (5)
 l - a wand of paralysis (9)
Scrolls
 d - 6 scrolls of identify {@r1}
 n - a scroll of immolation
 p - a scroll of amnesia {unknown}
 u - a scroll of fear
 v - a scroll of summoning
Potions
 f - a potion of ambrosia {unknown}
 i - a potion of curing {unknown}
 o - a potion of mutation
 z - a potion of cancellation {unknown}
 A - a potion of might {unknown}


   Skills:
 - Level 2.4 Dodging
 - Level 2.4 Stealth
 + Level 17.1 Spellcasting
 - Level 10.0 Conjurations


You had 32 spell levels left.
You knew the following spells:

 Your Spells              Type           Power      Damage    Failure   Level
a - Magic Dart            Conj           100%       1d8       1%          1
b - Searing Ray           Conj           100%       2d8       1%          2
d - Fulminant Prism       Conj/Hex       45%        3d21      1%          4
e - Iskenderun's Mystic   Conj/Tloc      90%        2d18      1%          4

Your spell library contained the following spells:

 Spells                   Type           Power      Damage    Failure   Level
 Static Discharge         Conj/Air       100%       N/A       1%          2
 Dazzling Flash           Conj/Hex       100%       N/A       1%          3
 Sticky Flame             Conj/Fire      100%       2d11      1%          4
 Dispel Undead            Necr           55%        3d20      6%          4


Dungeon Overview and Level Annotations

Branches:
Dungeon (11/15)
 Temple: D:4-7         Lair: D:8-11         Orc: D:9-12

Altars:
Gozag
Okawaru
The Shining One

Shops:
D:11 [?*:*=


Innate Abilities, Weirdness & Mutations

You are partially covered in iridescent scales. (AC +2)
Your mind is acute. (Int +2)
You are robust. (+10% HP)
Your muscles are strong. (Str +2)
Your spells are a little harder to cast, but a little more powerful.


Message History

You now have 31/32 mp.
Casting: Magic Dart (safe; 1% risk of failure)
Confirm with . or Enter, or press ? or * to list all spells.
Aiming: Fulminant Prism (dangerous; 1% risk of failure)
Press: ? - help, Dir - move target, p - gargoyle You conjure a prism of explosive energy!
A fulminant prism comes into view.
You now have 27/32 mp.
Your fulminant prism crackles loudly.
Your fulminant prism explodes!
The blast of energy engulfs the gargoyle!!
You destroy the gargoyle!
Your Spellcasting skill increases to level 17!
Casting: Fulminant Prism (dangerous; 1% risk of failure)
Confirm with . or Enter, or press ? or * to list all spells.
Aiming: Fulminant Prism (dangerous; 1% risk of failure)
Press: ? - help, Dir - move target, f - you
Okay, then.
You now have 1078 gold pieces (gained 6).
You see here a +0 mace.
Magic restored.
There is an open door here.
You now have 1093 gold pieces (gained 15).
There is a shaft here.
There is a stone staircase leading down here.
There is an open door here.
There is an open door here.
There is a stone staircase leading up here.
You now have 1104 gold pieces (gained 11).
There is an entrance to Qofaperue's Jewellery Shoppe here.
You open the door.
Found a scale mail.
MP restored: 33
There is an open door here.
Done exploring.
Done exploring.
You open the door.
There is an open door here.
There is an open door here.
Are you sure you want to abandon this character and quit the game? (Confirm with "yes".)

#...................#
#...................#
#...................#
#...................#
#..........)........#
##'#####....###.....#
##...###....###.....#
#......#......#.....#
#......#..@...#.....#
#[.....'......#.....#
##....##.....##.....#
####'###.....########
#.............'.....#
#.....##.....##.....#
########....##.....##.....#
..#...##...........##.....#
...................##....(#


There were no monsters in sight!

Vanquished Creatures
  A hydra (D:11)
  A boulder beetle (D:10)
  2 two-headed ogres (D:11)
  A cyclops (D:10)
  A black mamba (shapeshifter) (D:11)
  A centaur zombie (D:11)
  A gargoyle (D:11)
  A komodo dragon (D:11)
  A shadow (D:11)
  A wraith (D:11)
  A vampire mosquito (D:11)
  Menkaure (D:5)
  An ice beast (D:5)
  A sky beast (D:5)
  An ogre (D:7)
  2 centaurs
  A gnoll sergeant (D:10)
  6 killer bees (D:11)
  A howler monkey (D:11)
  A bullfrog zombie (D:5)
  A hound (D:6)
  4 bullfrog skeletons
  2 hound skeletons
  7 gnolls
  A howler monkey skeleton (D:6)
  A worm (D:2)
  A dart slug (D:4)
  2 endoplasms
  A hobgoblin (D:4)
  3 jackals (D:1)
  A kobold (D:1)
  2 quokkas (D:5)
  2 ball pythons
  3 rats
58 creatures vanquished.

Vanquished Creatures (others)
  19 fulminant prisms
19 creatures vanquished.

Grand Total: 77 creatures vanquished

Notes
Turn   | Place    | Note
-------+----------+-------------------------------------------
     0 | D:1      | Psyclone the Deep Elf Conjurer began the quest for the Orb.
     0 | D:1      | Reached XP level 1. HP: 10/10 MP: 6/6
   178 | D:2      | Reached XP level 2. HP: 15/15 MP: 6/8
   181 | D:2      | Learned a level 2 spell: Searing Ray
   211 | D:2      | Reached skill level 5 in Conjurations
   273 | D:2      | Identified 3 scrolls of acquirement
   286 | D:3      | Found a glowing golden altar of the Shining One.
   337 | D:4      | Acquired the +2 cloak of the Hidden Vale {rPois rF- Str+2
                  | Int+8}
   340 | D:4      | Acquired 1255 gold pieces
   346 | D:4      | Acquired 1352 gold pieces
   357 | D:4      | Acquired 1218 gold pieces
   389 | D:4      | Reached XP level 3. HP: 19/19 MP: 2/9
   420 | D:4      | Gained mutation: You are robust. (+10% HP) [potion of
                  | mutation]
   420 | D:4      | Gained mutation: You have hidden genetic potential. [potion
                  | of mutation]
   420 | D:4      | Gained mutation: Your muscles are strong. (Str +2) [potion
                  | of mutation]
   420 | D:4      | Gained mutation: You are partially covered in iridescent
                  | scales. (AC +2) [potion of mutation]
   523 | D:5      | Entered Level 5 of the Dungeon
   527 | D:5      | Reached XP level 4. HP: 18/26 MP: 4/10
   548 | D:5      | Gained mutation: Your mind is acute. (Int +2) [hidden
                  | potential]
   643 | D:5      | Noticed an ice beast
   648 | D:5      | Killed an ice beast
   649 | D:5      | Reached XP level 5. HP: 30/30 MP: 4/11
   654 | D:5      | Gained mutation: Your spells are a little harder to cast,
                  | but a little more powerful. [hidden potential]
   654 | D:5      | Lost mutation: You have hidden genetic potential. [hidden
                  | potential expressed]
   658 | D:5      | Learned a level 4 spell: Fulminant Prism
   764 | D:5      | Found an opulent altar of Gozag.
   771 | D:5      | Became a worshipper of Gozag Ym Sagoz the Greedy
   831 | D:5      | Noticed a sky beast
   840 | D:5      | Killed a sky beast
   841 | D:5      | Reached XP level 6. HP: 28/35 MP: 4/12
   913 | D:5      | Found an iron altar of Okawaru.
   933 | D:5      | Noticed Menkaure
   937 | D:5      | Killed Menkaure
   938 | D:5      | Reached XP level 7. HP: 24/39 MP: 4/13
  1327 | D:7      | Reached skill level 10 in Conjurations
  1384 | D:9      | Acquired 1237 gold pieces
  1393 | D:9      | Acquired the +3 Elemental Staff {rElec rF++ rC++ AC+5}
  1393 | D:9      | Found the +3 Elemental Staff {rElec rF++ rC++ AC+5}
  1405 | D:9      | Acquired 1172 gold pieces
  1478 | D:10     | Entered Level 10 of the Dungeon
  1573 | D:10     | Reached skill level 4 in Spellcasting
  1751 | D:11     | Found Reiheab's General Store.
  1754 | D:11     | Bought a scroll of acquirement for 624 gold pieces
  1779 | D:11     | Acquired the ring of Dishonour {AC+4 Int+8}
  1783 | D:11     | Bought a pair of glowing boots for 157 gold pieces
  1783 | D:11     | Bought a runed robe for 77 gold pieces
  1783 | D:11     | Bought a pair of pitted gloves for 199 gold pieces
  1783 | D:11     | Identified the +0 pair of gloves of Lethargy {Harm rElec
                  | rCorr Str-3} (You bought it in a shop on level 11 of the
                  | Dungeon)
  1785 | D:11     | Bought a scroll of fear for 35 gold pieces
  1785 | D:11     | Bought a scroll of immolation for 35 gold pieces
  1785 | D:11     | Bought a scroll of summoning for 95 gold pieces
  1787 | D:11     | Bought a slimy pewter ring for 135 gold pieces
  1787 | D:11     | Identified the ring "Gaipn" {rElec Str+7 Int-4 Dex+4
                  | Slay+4} (You bought it in a shop on level 11 of the
                  | Dungeon)
  1808 | D:11     | Learned a level 4 spell: Iskenderun's Mystic Blast
  1818 | D:11     | Noticed a two-headed ogre
  1820 | D:11     | Noticed an eight-headed hydra
  1820 | D:11     | Noticed a wraith
  1826 | D:11     | Killed a wraith
  1826 | D:11     | Killed a two-headed ogre
  1827 | D:11     | Reached skill level 9 in Spellcasting
  1827 | D:11     | Reached XP level 8. HP: 45/45 MP: 8/23
  1829 | D:11     | Killed an eight-headed hydra
  1830 | D:11     | Reached skill level 11 in Spellcasting
  1830 | D:11     | Reached XP level 9. HP: 49/49 MP: 4/26
  1878 | D:11     | Noticed a komodo dragon
  1891 | D:11     | Killed a komodo dragon
  1892 | D:11     | Reached skill level 12 in Spellcasting
  2071 | D:11     | Noticed a two-headed ogre
  2084 | D:11     | Killed a two-headed ogre
  2085 | D:11     | Reached skill level 13 in Spellcasting
  2209 | D:11     | Reached skill level 14 in Spellcasting
  2379 | D:11     | Noticed a black mamba
  2379 | D:11     | a tarantella changed into a black mamba
  2385 | D:11     | Killed a black mamba
  2386 | D:11     | Reached skill level 15 in Spellcasting
  2441 | D:11     | Reached XP level 10. HP: 53/55 MP: 18/31
  2660 | D:10     | Noticed a boulder beetle
  2660 | D:10     | Noticed a cyclops
  2667 | D:10     | Killed a cyclops
  2668 | D:10     | Reached skill level 16 in Spellcasting
  2815 | D:10     | Killed a boulder beetle
  3144 | D:11     | Noticed a gargoyle
  3149 | D:11     | Killed a gargoyle
  3150 | D:11     | Reached skill level 17 in Spellcasting
  3343 | D:11     | Quit the game

Illustrated notes

Levels and vault maps discovered:
D:1:      wander_arrival_fairy_ring, layout_basic, chequers_serial_rivers_room_a
D:2:      layout_loops_ring, shapermc_ecumenical_altar_venn, uniq_natasha
D:3:      layout_loops_ring, mainiacjoe_overflow_chevrons,
          gammafunk_ghost_arena, hangedman_glass_teeth
D:4:      layout_basic, nicolae_hepliaklqana_monster_ancestors,
          due_unseen_surprise
D:5:      layout_basic, lemuel_doored_altar, overflow_temple_1_default,
          amethyst_overflow_temple_binary, minmay_manual_mess, uniq_ijyb,
          uniq_edmund, uniq_sigmund, uniq_menkaure
D:6:      layout_layer_cave, minmay_temple_entry_hall
D:7:      layout_basic, nicolae_wu_jian_immortal_techniques
D:8:      layout_rooms, lightli_temple_of_fire, minmay_lair_entry_grove,
          serial_shops, shop
D:9:      layout_cave_pools, grunt_decor_clamped
D:10:     minmay_diamond_stairs, layout_basic
D:11:     layout_gridville, serial_shops, kennysheep_mini_moat

Skill      XL: |  1  2  3  4  5  6  7  8  9 10 |
---------------+-------------------------------+-----
Conjurations   | 5 6 7 8 9 10 | 10.0
Spellcasting   | 9 11 15 17 | 17.1
Dodging        | |  2.4
Stealth        | |  2.4

Action                   |  1- 3 |  4- 6 |  7- 9 | 10-12 || total
-------------------------+-------+-------+-------+-------++-------
 Cast: Magic Dart        |    16 |     3 |    15 |     1 ||    35
       Searing Ray       |     5 |     7 |    15 |     2 ||    29
       Fulminant Prism   |       |       |    12 |     7 ||    19
       Iskenderun's Myst |       |       |     2 |    13 ||    15
Invok: Call Merchant     |       |       |     5 |       ||     5
  Use: Scroll            |     5 |       |     5 |       ||    10
       Potion            |     1 |       |       |       ||     1
Armor: Robe              |     1 |     1 |    12 |     3 ||    17
Dodge: Dodged            |     3 |     3 |    10 |     1 ||    17
Block: Other             |       |       |     8 |     3 ||    11
       Reflection        |       |       |       |     1 ||     1
